 Dungeon Crawl Stone Soup version 0.25-a0-201-g0bb11aece9 (webtiles) character file.

Game seed: 9453402664738851822, levelgen mode: deterministic

18 MisterFreud the Ducker (level 2, -1/17 HPs)
             Began as an Octopode Ice Elementalist on Dec 2, 2019.
             Slain by an orc wizard
             ... wielding a +0 dagger
              (5 damage)
             ... on level 2 of the Dungeon.
             The game lasted 00:01:30 (1136 turns).

MisterFreud the Ducker (Octopode Ice Elementalist)  Turns: 1136, Time: 00:01:31

Health: -1/17      AC:  1    Str:  7    XL:     2   Next: 70%
Magic:  5/5        EV: 14    Int: 17    God:
Gold:   45         SH:  0    Dex: 12    Spells: 4/5 levels left

rFire    . . .     SeeInvis .   (no weapon)
rCold    . . .     Gourm    .   (no shield)
rNeg     . . .     Faith    .   (helmet restricted)
rPois    .         Spirit   .   (no amulet)
rElec    .         Reflect  .   (no ring)
rCorr    .         Harm     .   (no ring)
MR       .....                  (no ring)
Stlth    +++.......             (no ring)
HPRegen  0.05/turn              (no ring)
MPRegen  0.09/turn              (no ring)
                                (no ring)
                                (no ring)

@: no status effects
A: almost no armour, stealthy swim, amphibious, 8 rings, constrict 8, camouflage
1, gelatinous body 1
a: no special abilities


You were on level 2 of the Dungeon.
You were not hungry.

You visited 1 branch of the dungeon, and saw 2 of its levels.

You collected 45 gold pieces.

Inventory:

Scrolls
 a - 3 scrolls of remove curse {unknown}
 d - a scroll of magic mapping {unknown}
 e - a scroll of amnesia {unknown}
 g - a scroll of immolation {unknown}
 h - a scroll of enchant armour {unknown}
Potions
 c - 2 potions of magic {unknown}
 f - a potion of might {unknown}
Comestibles
 b - 7 rations


   Skills:
 + Level 3.2 Dodging
 - Level 2.6 Stealth
 - Level 2.0 Spellcasting
   Level 1.0 Conjurations
 - Level 3.0 Ice Magic


You had 4 spell levels left.
You knew the following spells:

 Your Spells              Type           Power        Failure   Level  Hunger
a - Freeze                Ice            ##..         5%          1    #......

Your spell library contained the following spells:

 Spells                   Type           Power        Failure   Level  Hunger
 Throw Frost              Conj/Ice       #.....       13%         2    ###....
 Ozocubu's Armour         Chrm/Ice       #.......     30%         3    ###....
 Throw Icicle             Conj/Ice       #.......     63%         4    #####..
 Summon Ice Beast         Ice/Summ       #.......     71%         4    #####..


Dungeon Overview and Level Annotations

Branches:
Dungeon (2/15)

Altars:


Innate Abilities, Weirdness & Mutations

You cannot wear most types of armour.
You are very stealthy in the water. (Stealth+)
You are amphibious.
You can wear up to eight rings at the same time.
You can use your tentacles to constrict eight enemies at once.
Your skin changes colour to match your surroundings (Stealth+).
Your rubbery body absorbs attacks. (AC +1, EV +1)


Message History

The orc wizard seems to speed up.
The rat moves out of view.
An adder comes into view.
The adder hisses angrily.
The orc wizard hits you with a +0 dagger.
The orc wizard shouts!
The orc wizard casts a spell at you. The magic dart hits you!
You closely miss the orc wizard. You grab the orc wizard.
You constrict the orc wizard, but do no damage.
The orc wizard barely misses you.
You tentacle-slap the orc wizard but do no damage.
You constrict the orc wizard.
The orc wizard hits you with a +0 dagger.
* * * LOW HITPOINT WARNING * * *
The orc wizard hits you but does no damage.
You tentacle-slap the orc wizard.
The orc wizard is moderately wounded.
You constrict the orc wizard.
The orc wizard hits you with a +0 dagger.
You die...

#...# #.# ... #####
#.# .... #.# ..... #.#
######.....
#######.####....r.....
...........#..........
#######...KS..S.o....#
####o#.........#
#@###+####### #!.#
.#.# .. .. ... #.#
.... .. #.... #.#
#.... .#


You could see an orc wizard, an adder and a kobold.

Vanquished Creatures
  4 goblins (D:1)
  3 hobgoblins (D:1)
  2 jackals (D:1)
  A ball python (D:1)
  A bat (D:1)
  3 frilled lizards (D:1)
  A kobold (D:1)
  3 rats (D:1)
18 creatures vanquished.

Notes
Turn   | Place    | Note
-------+----------+-------------------------------------------
     0 | D:1      | MisterFreud the Octopode Ice Elementalist began the quest
                  | for the Orb.
     0 | D:1      | Reached XP level 1. HP: 11/11 MP: 3/3
   521 | D:1      | Reached XP level 2. HP: 17/17 MP: 5/5
  1136 | D:2      | Slain by an orc wizard

Levels and vault maps discovered:
D:1:      dpeg_arrival_short_road, layout_basic
D:2:      minmay_alternating_diamond, layout_basic

Skill      XL: |  1  2 |
---------------+-------+-----
Dodging        | 3 |  3.2
Stealth        | |  2.6
Spellcasting   | |  2.0
Conjurations   | |  1.0
Ice Magic      | |  3.0

Action                   || total
-------------------------++-------
Melee: Unarmed           ||    59
       Constrict         ||    17
       Tentacles         ||     8
 Stab: Sleeping          ||     2
  Eat: Chunk             ||     1
Armor: Skin              ||     6
Dodge: Dodged            ||    43

Table legend:
 A = Non-vault XP
 B = Vault XP
 C = Vault XP percentage of total XP
 D = Non-vault monster count
 E = Vault monster count
 F = Vault count percentage of total count
                 A         B        C        D         E       F
            +---------+---------+-------+---------+---------+-------
      Total |      27 |       0 |   0.0 |      18 |       0 |   0.0
            +---------+---------+-------+---------+---------+-------
        D:1 |      27 |       0 |   0.0 |      18 |       0 |   0.0
            +---------+---------+-------+---------+---------+-------
